Map: Daybreak LE

Players

Solar

  • Race: Zerg Zerg
  • Spawn Location: 7:00

Maru - Winner!

  • Race: Terran Terran
  • Spawn Location: 1:00

Event: IEM Season 11 - Gyeonggi

VOD

https://www.youtube.com/watch?v=8FreFFRFY2M

Description

Solar goes for a Hatch First while Maru goes for a Reaper Expand. The Reaper goes out to Solar's 3rd and delays the expansion. Maru follows up with a 2-1-1 with Stimpack while Solar takes his 3rd base.

Solar goes for 1-1 upgrades for his Zerglings while Maru flies out with a double Medivac push with all Marines at Solar's third. However, Solar already has plenty of Zerglings and Queens to push that back. On 2 bases, he continues to pressure with the Marines and kill creep tumors.

Solar mixes in Banelings while Maru mixes in a Liberator and Widow Mine. Solar takes his 4th at the same time that Maru takes his 3rd. Maru goes for a double-pronged attack with a drop in Solar's main while pushing at the front, but Solar goes for a run-by. The natural is walled in, but he swings around to the 3rd and kills 16 SCVs before Maru reacts.

Solar begins to mix in Corruptors to handle the drops and Liberators. Maru picks on SOlar's first attempt to take a 5th, but Solar moves over to push that force back and secure his 5th.

The bio force moves to push at the 4th in the middle of the map with Marines and Marauders while putting 1 Liberator on the natural and 3rd base. Maru is up by about 30 supply when he pushes at the 5th base, and they both trade armies during the fight. On a second effort, Maru uses Marauders to soak Baneling shots and continues to grow his supply lead. Eventually, he manages to push in and clean up the Corruptors, and Solar ggs out.

Time

  • Played on: Dec. 14, 2016, 2:23 a.m.
  • Length: 14:26

All games in this series

Show
View Real Time Build Order
Export as new Build Order

Solar Zerg 

Build Orders: Hatch First 

Get SALT Encoding   

  12  0:01  Drone  
  13  0:12  Overlord  
  13  0:17  Drone  
  14  0:31  Drone x2  
  16  0:38  Drone  
  17  0:53  Hatchery  
  17  0:55  Drone  
  17  0:58  Drone  
  18  1:04  Extractor  
  17  1:13  Spawning Pool  
  17  1:17  Drone  
  17  1:20  Drone  
  18  1:28  Drone  
  19  1:38  Overlord  
  20  2:01  Queen, Zergling x4  
  20  2:05  Metabolic Boost, Queen  
  20  2:07  Zergling x2  
  26  2:11  Drone  
  27  2:15  Drone  
  28  2:24  Drone, Extractor  
  28  2:27  Drone  
  29  2:35  Drone  
  30  2:37  Drone  
  30  2:40  Queen  
  34  2:45  Overlord  
  34  2:48  Drone  
  34  2:54  Drone  
  35  2:58  Drone  
  36  3:06  Drone  
  36  3:10  Drone x4  
  36  3:12  Overlord  
  41  3:13  Drone x2  
  41  3:19  Drone  
  44  3:30  Hatchery  
  44  3:31  Drone x2  
  45  3:35  Drone  
  45  3:39  Drone  
  47  3:42  Overlord  
  47  3:47  Queen x2  
  51  3:49  Drone  
  51  3:53  Overlord  
  52  4:00  Drone x3  
  52  4:01  Drone x3  
  58  4:07  Evolution Chamber x2  
  56  4:12  Zergling x4  
  56  4:16  Drone x2  
  60  4:17  Zergling x2  
  60  4:22  Overlord  
  61  4:24  Queen  
  61  4:25  Zergling x2  
  61  4:27  Queen  
  66  4:35  Zerg Ground Armor Level 1  
  66  4:36  Zergling x4  
  68  4:42  Zerg Melee Weapons Level 1  
  68  4:43  Zergling x2  
  68  4:44  Queen  
  71  4:49  Zergling x4  
  73  4:53  Overlord  
  73  4:55  Zergling x8  
  73  4:57  Zergling x2  
  73  4:58  Zergling x4  
  80  5:00  Zergling x2  
  80  5:05  Baneling Nest  
  80  5:06  Zergling x2  
  81  5:07  Drone  
  81  5:11  Overlord  
  83  5:14  Drone  
  83  5:15  Zergling x4  
  83  5:16  Zergling x2  
  83  5:17  Overlord  
  83  5:20  Drone  
  86  5:26  Drone  
  78  5:29  Zergling x4  
  78  5:34  Drone x2  
  78  5:35  Drone x3  
  81  5:36  Zergling x2, Extractor  
  81  5:39  Drone  
  83  5:43  Zergling x4  
  83  5:47  Overlord  
  83  5:49  Hatchery, Lair  
  84  5:53  Baneling, Zergling x4  
  84  5:55  Baneling  
  86  5:58  Extractor  
  86  5:59  Zergling x2  
  86  6:04  Drone x3  
  86  6:06  Zergling x10  
  86  6:07  Zergling x2  
  86  6:08  Baneling, Zergling x4  
  86  6:11  Drone  
  98  6:16  Baneling  
  98  6:17  Drone  
  98  6:18  Drone  
  100  6:22  Overlord, Extractor  
  99  6:27  Baneling x4  
  99  6:28  Zergling x4  
  100  6:33  Drone x3  
  100  6:35  Drone  
  100  6:37  Spore Crawler  
  100  6:39  Drone x4, Extractor  
  106  6:41  Zergling x6  
  106  6:46  Overlord  
  109  6:48  Overseer  
  109  6:49  Centrifical Hooks  
  109  6:52  Drone x2  
  110  6:58  Zergling x2  
  111  7:01  Zergling x2  
  111  7:02  Zergling x8  
  111  7:03  Zergling x2  
  111  7:08  Hatchery  
  116  7:10  Drone  
  116  7:15  Drone x2  
  118  7:16  Drone  
  118  7:17  Drone x2, Overseer  
  118  7:19  Drone x2  
  118  7:20  Zerg Ground Armor Level 2  
  118  7:21  Overlord x3  
  122  7:25  Zergling x4  
  123  7:31  Hatchery  
  123  7:32  Zerg Melee Weapons Level 2  
  123  7:34  Zergling x4  
  123  7:35  Zergling x4  
  126  7:37  Pneumatized Carapace  
  126  7:38  Zergling x2  
  126  7:43  Overseer  
  127  7:48  Baneling x3  
  127  7:49  Zergling x18  
  127  7:50  Zergling x2  
  137  7:52  Zergling x2  
  137  7:53  Baneling  
  137  7:54  Baneling  
  137  7:55  Zergling x4  
  137  7:57  Zergling x2  
  141  8:01  Overlord  
  139  8:06  Zergling x6  
  139  8:11  Spire  
  140  8:14  Zergling x10  
  140  8:17  Baneling x4  
  140  8:18  Baneling x2  
  140  8:19  Zergling x2  
  149  8:20  Zergling x8  
  149  8:22  Zergling x4  
  149  8:25  Overlord  
  149  8:38  Zergling x2  
  149  8:39  Zergling x8  
  143  8:42  Zergling x4  
  143  8:44  Zergling x2  
  137  8:50  Zergling x6  
  137  8:52  Baneling x4  
  134  8:55  Drone x2  
  134  8:57  Zergling x16  
  134  9:02  Overlord  
  137  9:07  Queen  
  135  9:11  Baneling x2  
  133  9:18  Drone  
  133  9:19  Drone  
  133  9:22  Corruptor x6  
  139  9:29  Corruptor  
  141  9:36  Zergling x18  
  141  9:37  Zergling x2  
  146  9:39  Zergling x6  
  146  9:41  Zergling x2  
  146  9:42  Zergling x2  
  150  9:46  Zergling x4  
  150  9:49  Baneling x6  
  152  10:01  Zergling x14  
  152  10:03  Baneling x4  
  152  10:04  Hatchery  
  152  10:05  Baneling x2  
  152  10:06  Overlord  
  159  10:17  Zergling x22  
  159  10:18  Baneling x9  
  157  10:32  Zergling x8  
  158  10:36  Zergling x14  
  158  10:39  Hatchery, Zergling x6  
  158  10:42  Baneling  
  163  10:43  Baneling x5  
  159  10:52  Zerg Flyer Weapons Level 1, Infestation Pit  
  159  10:55  Corruptor x2  
  162  11:01  Overlord x2  
  157  11:04  Zergling x14  
  157  11:10  Baneling x8  
  164  11:12  Zergling x2  
  164  11:13  Zergling x6  
  168  11:20  Zergling x2  
  168  11:21  Zergling x2  
  168  11:25  Zergling x12  
  168  11:26  Zergling x4  
  168  11:30  Zergling x2  
  168  11:31  Zergling x12  
  181  11:38  Zergling x8  
  164  11:42  Baneling x8  
  153  11:50  Zergling x6  
  153  11:54  Zergling x4  
  138  11:56  Zergling x2  
  138  11:57  Zergling x2  
  136  12:10  Drone x4  
  136  12:11  Drone x4  
  136  12:12  Drone x3  
  136  12:14  Baneling  
  136  12:15  Baneling x5  
  147  12:23  Zergling x12  
  140  12:32  Zergling x12  
  140  12:34  Zergling x2  
  122  12:39  Zergling x2  
  122  12:40  Zergling x6  
  122  12:42  Zergling x4  
  119  12:45  Overseer  
  118  12:51  Hive  
  118  12:55  Baneling x14  
  118  12:56  Zergling x2  
  118  12:57  Zergling x6  
  120  12:59  Zergling x4  
  120  13:03  Zergling x6  
  126  13:09  Swarm Host, Zergling x4  
  127  13:13  Zergling x6  
  127  13:14  Zergling x2  
  127  13:15  Zergling x2  
  127  13:17  Baneling x2  
  127  13:18  Baneling  
  121  13:21  Zergling x2  
  121  13:24  Zergling x2  
  121  13:25  Zergling x6  
  121  13:26  Zergling x2  
  111  13:28  Zergling x2  
  111  13:30  Baneling  
  111  13:31  Baneling x2  
  112  13:35  Zergling x2  
  112  13:36  Zergling x20  
  112  13:38  Baneling  
  112  13:39  Baneling x2  
  112  13:40  Zergling x4  
  125  13:44  Baneling  
  125  13:46  Zergling x2  
  125  13:47  Zergling x2  
  127  13:50  Zergling x8  
  127  13:51  Baneling  
  127  13:53  Zergling x10  
  136  13:58  Zergling x4  
  136  13:59  Baneling x2  
  137  14:05  Zergling x2  
  137  14:06  Overseer  
  137  14:07  Zergling x8  
  137  14:08  Zergling x2  
  137  14:09  Zergling x2  
  136  14:10  Baneling x2  
Show
View Real Time Build Order
Export as new Build Order

Maru Terran - Winner!

Build Orders: Reaper Expand, MMM Bio, Double Medivac Stim 

Get SALT Encoding   

  12  0:00  SCV  
  13  0:13  SCV  
  14  0:17  Supply Depot  
  14  0:25  SCV  
  15  0:39  SCV  
  15  0:40  Barracks  
  16  0:44  Refinery  
  16  0:51  SCV  
  17  1:03  SCV  
  18  1:15  SCV  
  19  1:28  Orbital Command, Reaper  
  20  1:41  Command Center  
  20  1:52  Barracks  
  20  1:55  SCV  
  21  2:01  Barracks Reactor  
  21  2:04  Refinery  
  21  2:07  SCV  
  22  2:12  Supply Depot  
  22  2:20  SCV  
  23  2:34  SCV  
  23  2:36  Factory  
  24  2:38  Marine x2  
  24  2:39  Barracks Tech Lab  
  26  2:46  SCV  
  27  2:54  Orbital Command  
  27  2:56  Marine x2  
  27  2:58  SCV  
  30  3:03  Stimpack  
  30  3:06  Marine  
  30  3:10  SCV  
  32  3:16  Marine x2  
  34  3:21  SCV  
  34  3:22  SCV  
  34  3:24  Marine  
  37  3:31  Supply Depot  
  37  3:33  SCV  
  38  3:34  SCV  
  38  3:36  Starport  
  38  3:38  Marine  
  38  3:40  Factory Reactor  
  39  3:41  Marine  
  39  3:46  SCV x2  
  39  3:47  Marine  
  43  3:56  Marine  
  43  3:59  Marine, SCV x2  
  43  4:02  Supply Depot  
  47  4:05  Marine  
  48  4:11  SCV x2  
  48  4:14  Marine  
  51  4:17  Marine  
  51  4:21  Medivac  
  51  4:23  Marine, Medivac  
  57  4:25  SCV x2, Supply Depot  
  57  4:28  Supply Depot  
  59  4:37  SCV x2, Engineering Bay  
  59  4:38  Marine  
  62  4:46  Marine x2  
  62  4:47  Engineering Bay  
  62  4:49  SCV  
  62  4:50  SCV  
  62  4:52  Medivac  
  68  4:55  Widow Mine  
  68  4:56  Marine  
  68  4:57  Supply Depot  
  71  5:02  SCV x2  
  71  5:03  Combat Shields  
  71  5:04  Marine x2  
  75  5:08  Terran Infantry Weapons Level 1  
  75  5:12  Supply Depot  
  75  5:13  Marine  
  75  5:14  SCV, Terran Infantry Armor Level 1  
  77  5:16  SCV  
  77  5:17  Refinery  
  78  5:22  Marine  
  78  5:25  Liberator  
  74  5:31  Marine x2  
  72  5:37  SCV  
  72  5:38  SCV  
  72  5:39  Command Center  
  72  5:40  Marine  
  78  5:48  Factory Reactor  
  78  5:49  Refinery, Marine x2, SCV  
  81  5:55  SCV  
  82  5:58  Marine  
  82  6:02  SCV  
  84  6:07  Marine, SCV  
  84  6:09  Barracks  
  84  6:11  Barracks  
  86  6:12  Barracks  
  86  6:14  SCV  
  86  6:17  Medivac  
  86  6:18  Marine x2  
  90  6:19  SCV  
  90  6:25  Supply Depot  
  92  6:26  SCV, Supply Depot  
  92  6:31  SCV  
  94  6:37  Supply Depot  
  94  6:44  Supply Depot  
  94  6:45  Armory  
  94  6:46  Marine x2, Widow Mine x2  
  100  6:48  Marine  
  100  6:49  Medivac x2  
  100  6:52  SCV x2  
  107  6:59  Barracks Reactor x2  
  107  7:04  Marine x2, SCV  
  107  7:05  SCV  
  106  7:11  Barracks Reactor  
  106  7:15  Widow Mine  
  108  7:17  Marine  
  108  7:18  Widow Mine  
  108  7:19  SCV x2  
  108  7:22  Marine x2  
  114  7:25  Orbital Command  
  114  7:31  Terran Infantry Armor Level 2  
  114  7:33  SCV x2  
  116  7:38  Marine x4  
  117  7:45  Terran Infantry Weapons Level 2  
  117  7:46  SCV x2  
  117  7:49  Bunker, Widow Mine x2  
  117  7:50  Supply Depot  
  123  7:54  Marine  
  123  7:55  Marine, Marauder  
  127  8:07  Marine  
  127  8:08  Marine x5, Supply Depot  
  127  8:09  Supply Depot  
  133  8:16  Barracks  
  133  8:17  Barracks  
  133  8:18  Refinery  
  133  8:20  Barracks  
  133  8:23  Widow Mine, Missile Turret  
  133  8:24  Widow Mine  
  133  8:25  Medivac x2  
  136  8:36  Marine  
  136  8:37  Marine x6  
  143  8:45  Marauder  
  143  8:46  Liberator x2  
  136  8:50  SCV  
  136  8:51  SCV  
  136  8:54  Marine x3, SCV, Widow Mine x2  
  136  8:55  Marine x2  
  120  9:03  SCV x2  
  120  9:06  Marauder  
  120  9:09  Barracks Tech Lab  
  129  9:10  SCV  
  129  9:14  Barracks Tech Lab  
  129  9:15  SCV x2  
  132  9:17  Marine  
  132  9:18  Marine, Supply Depot  
  132  9:22  SCV  
  131  9:26  Marine x4  
  131  9:27  SCV  
  131  9:28  Marauder  
  131  9:30  SCV  
  137  9:34  SCV  
  137  9:36  Barracks Reactor  
  137  9:37  Marine, Marauder x2  
  143  9:39  SCV  
  143  9:43  SCV  
  145  9:47  Marine  
  145  9:49  Marauder  
  154  9:54  Medivac x2  
  154  9:55  Widow Mine x2  
  154  9:59  Marauder  
  158  10:02  Supply Depot  
  158  10:04  Command Center  
  158  10:06  Marine, Marauder  
  161  10:07  Terran Infantry Weapons Level 3  
  160  10:18  Supply Depot  
  160  10:20  Marine x3, Marauder  
  165  10:23  Marine x4  
  167  10:32  Marine, Marauder  
  156  10:43  Marine x4, Marauder x2  
  156  10:46  Supply Depot  
  162  10:50  Medivac x2, Widow Mine x2  
  162  10:53  Marauder  
  170  10:59  Marine  
  170  11:00  Terran Infantry Armor Level 3  
  170  11:03  Liberator  
  168  11:04  Marauder  
  168  11:08  Marine  
  168  11:09  Marine x4, Marauder  
  177  11:21  Marine x2  
  177  11:22  Marauder  
  177  11:24  Concussive Shells  
  177  11:25  Marine  
  186  11:26  Marauder  
  186  11:30  Marine, Marauder  
  166  11:40  Marine  
  166  11:43  Marauder  
  166  11:45  Marine  
  166  11:46  Widow Mine  
  166  11:47  Marauder, Medivac, Widow Mine  
  172  11:55  Marine  
  172  11:56  Marauder  
  172  11:59  Liberator  
  172  12:00  Planetary Fortress  
  171  12:03  Medivac  
  173  12:12  Marine x3, Marauder x2  
  180  12:31  Marine  
  180  12:32  Marauder  
  180  12:37  Marine, Marauder  
  156  12:42  Marine x6  
  156  12:43  Marine x2, Marauder  
  154  12:46  Widow Mine  
  154  12:47  Liberator x2  
  154  12:50  Marine  
  157  12:53  Marauder  
  157  12:54  Marine  
  157  12:58  Marine  
  160  12:59  Ghost Academy  
  160  13:00  Refinery, Marine  
  168  13:10  Marine, Marauder  
  166  13:13  Marine x2  
  166  13:14  Marine x6  
  166  13:15  Marauder  
  166  13:16  Marauder  
  166  13:18  Marine  
  163  13:28  Marine  
  163  13:31  Marine x2  
  163  13:32  Marine, Marauder  
  163  13:33  Sensor Tower  
  169  13:34  Marine x5, Command Center  
  169  13:35  Marine  
  181  13:51  Marine  
  181  13:52  Marine x6, Marauder  
  181  13:53  Marauder  
  192  14:00  Marine  
  192  14:01  Marauder  
  195  14:07  Marine  

Tags
 
Add a new tag
Caveats
  • Supply blocks, unpowered buildings, or Contaminate may cause inaccurate times.
  • Supply counts are checked every 10 seconds.